 Dungeon Crawl Stone Soup version 0.27-a0-1391-g48c30b3128 (console) character file.

Game seed: 14214194687815872249

5049 FullyGoyle the Cleaver (level 10, -4/60 HPs)
             Began as a Gargoyle Fighter on July 1, 2021.
             Was a Believer of Yredelemnul.
             Slain by a cane toad (15 damage)
             ... on level 1 of the Lair of Beasts.
             The game lasted 00:38:59 (12223 turns).

FullyGoyle the Cleaver (Gargoyle Fighter)          Turns: 12223, Time: 00:39:00

Health: -4/60      AC: 30    Str: 24    XL:     10   Next: 56%
Magic:  13/13      EV:  5    Int:  8    God:    Yredelemnul [**....]
Gold:   473        SH: 10    Dex:  9    Spells: 9/9 levels left

rFire    . . .     SeeInvis .   a - +1 war axe (venom)
rCold    + . .     Faith    +   i - +0 kite shield
rNeg     + . .     Spirit   .   d - +0 plate armour
rPois    ∞         Reflect  .   h - +0 helmet
rElec    +         Harm     .   e - +0 cloak
rCorr    .         Rampage  .   g - +0 pair of gloves
Will     .....                  f - +1 pair of boots
Stlth    ..........             j - amulet of faith
HPRegen  0.20/turn              A - +4 ring of protection
MPRegen  0.13/turn              C - ring of protection from cold

@: mirroring injuries
A: sickness immunity, AC +7, negative energy resistance 1, electricity
resistance, torment resistance 1, petrification resistance
a: Renounce Religion, Animate Remains, Recall Undead Slaves, Injury Mirror


You were on level 1 of the Lair of Beasts.
You worshipped Yredelemnul.
Yredelemnul was pleased with you.
You visited 2 branches of the dungeon, and saw 10 of its levels.
You also visited: Sewer.

You collected 666 gold pieces.
You spent 193 gold pieces at shops.

Inventory:

Hand Weapons
 a - a +1 war axe of venom (weapon)
 b - a +1 vorpal spear
 L - a +2 whip of venom
Missiles
 k - 31 poisoned darts
 p - 237 stones (quivered)
 J - 9 boomerangs
Armour
 d - a +0 plate armour (worn)
 e - a +0 cloak (worn)
 f - a +1 pair of boots (worn)
 g - a +0 pair of gloves (worn)
 h - a +0 helmet (worn)
 i - a +0 kite shield (worn)
Magical Staves
 M - a staff of cold
Jewellery
 c - a ring of positive energy
 j - an amulet of faith (around neck)
 A - a +4 ring of protection (left hand)
 C - a ring of protection from cold (right hand)
Wands
 P - a wand of mindburst (11)
Scrolls
 r - 5 scrolls of teleportation
 t - a scroll of magic mapping
 u - a scroll of fear
 w - 2 scrolls of blinking
Potions
 l - 2 potions of might
 m - a potion of curing
 n - a potion of ambrosia
 v - a potion of magic
 z - a potion of resistance
 K - 2 potions of haste
 Q - a potion of degeneration {unknown}
 R - a potion of heal wounds {unknown}


   Skills:
 * Level 5.6 Fighting
 * Level 10.5 Axes
 * Level 7.2 Armour
 + Level 1.2 Dodging
 * Level 6.4 Shields
 * Level 5.0 Invocations


You had 9 spell levels left.
You didn't know any spells.
Your spell library contained the following spells:

 Spells                   Type           Power      Damage    Failure   Level
 Animate Skeleton         Necr           0%         N/A       100%        1
 Apportation              Tloc           0%         N/A       100%        1
 Corona                   Hex            0%         N/A       100%        1
 Freeze                   Ice            0%         1d3       100%        1
 Magic Dart               Conj           0%         1d3       100%        1
 Pain                     Necr           0%         1d4       100%        1
 Shock                    Conj/Air       0%         1d3       100%        1
 Summon Small Mammal      Summ           0%         N/A       100%        1
 Blink                    Tloc           N/A        N/A       100%        2
 Call Imp                 Summ           0%         N/A       100%        2
 Searing Ray              Conj           0%         3d3       100%        2
 Slow                     Hex            0%         N/A       100%        2
 Static Discharge         Conj/Air       0%         N/A       100%        2
 Call Canine Familiar     Summ           0%         N/A       100%        3
 Conjure Flame            Conj/Fire      0%         6-21      100%        3
 Dazzling Flash           Conj/Hex       0%         N/A       100%        3
 Frozen Ramparts          Ice            0%         1d2       100%        3
 Mephitic Cloud           Conj/Pois/Air  0%         N/A       100%        3
 Ozocubu's Armour         Ice            0%         N/A       100%        3
 Summon Guardian Golem    Hex/Summ       0%         N/A       100%        3
 Swiftness                Air            0%         N/A       100%        3
 Vampiric Draining        Necr           0%         2d6       100%        3
 Airstrike                Air            0%         N/A       100%        4
 Animate Dead             Necr           0%         N/A       100%        4
 Fulminant Prism          Conj/Hex       0%         3d6       100%        4
 Hailstorm                Conj/Ice       0%         3d3       100%        4
 Iskenderun's Mystic Bla  Conj/Tloc      0%         2d3       100%        4
 Summon Ice Beast         Ice/Summ       0%         N/A       100%        4
 Summon Lightning Spire   Summ/Air       0%         N/A       100%        4
 Agony                    Necr           0%         N/A       100%        5
 Lightning Bolt           Conj/Air       0%         1d11      100%        5
 Metabolic Englaciation   Hex/Ice        0%         N/A       100%        5


Dungeon Overview and Level Annotations

Branches:
Dungeon (9/15)             Temple (0/1) D:5            Lair (1/6) D:9
  Sewer (visited)
    Orc: D:9-12

Altars:
Makhleb
Uskayaw
Yredelemnul
The Shining One

Shops:
D:1 *

Annotations:
D:2 1 runed translucent door, 1 exclusion, Crazy Yiuf
D:9 rock vault


Innate Abilities, Weirdness & Mutations

You are immune to sickness and miasma.
Your stone body is resilient. (AC +7)
You are immune to poison.
You resist negative energy. (rN+)
You are resistant to electric shocks. (rElec)
You are resistant to unholy torment.
You are immune to petrification.


Message History

A black bear comes into view.
The black bear growls angrily.
A komodo dragon comes into view.
The komodo dragon hisses angrily.
You hit the komodo dragon but do no damage.
The komodo dragon is poisoned.
You block the komodo dragon's attack.
A cane toad comes into view.
You hit the komodo dragon but do no damage.
The komodo dragon is lightly wounded.
The komodo dragon bites you.
You closely miss the komodo dragon.
The komodo dragon is lightly wounded.
You block the komodo dragon's attack. The komodo dragon bites you!
You hit the komodo dragon.
The komodo dragon looks as sick as possible!
The komodo dragon is lightly wounded.
You block the komodo dragon's attack.
You barely miss the komodo dragon.
The komodo dragon is lightly wounded.
You barely miss the black bear. You block the black bear's attack.
The black bear closely misses you.
The black bear claws you but does no damage.
The komodo dragon bites you but does no damage.
You closely miss the komodo dragon.
The komodo dragon is moderately wounded.
You slash the black bear! You block the black bear's attack.
The black bear claws you.
The black bear claws you but does no damage.
The komodo dragon bites you!!
Unknown command.
You offer yourself to Yredelemnul, and are filled with unholy energy.
You block the black bear's attack.
The black bear claws you but does no damage. x2
The cane toad barely misses you. The komodo dragon bites you!
* * * LOW HITPOINT WARNING * * *
Yredelemnul mirrors your injury!
The komodo dragon is severely wounded.
The cane toad stings you!
You die...
Your body rises from the dead as a mindless zombie.

..# #..###
#!)..>#
##.......
##...#
####...##
####.#hl.##
#..#..F.##
#....@.#.#
#........#
#........#
#........#
##..<...##
#.#.....#
#########


You could see a komodo dragon (very poisoned), a cane toad and a black bear.

Vanquished Creatures
  A troll (D:9)
  A shadow (D:9)
  Eustachio (D:7)
  3 vampire mosquitoes (D:7)
  A water moccasin (D:7)
  An ice beast (D:8)
  A sky beast (D:8)
  An orc warrior (D:8)
  A necrophage (D:4)
  2 wolves (D:9)
  A centaur (D:7)
  2 phantoms (D:4)
  Blork the orc (D:4)
  2 bullfrogs (D:7)
  A wyvern zombie (D:7)
  5 scorpions
  6 killer bees
  A wight (D:8)
  A howler monkey (D:9)
  3 bullfrog zombies
  3 hounds
  2 jellies (D:6)
  2 orc priests
  A bullfrog skeleton (D:5)
  2 iguanas
  Natasha (thrice) (D:2)
  4 orc wizards
  8 gnolls
  11 adders
  6 river rats
  A worm (D:3)
  A dart slug (D:2)
  21 orcs
  7 bats
  8 endoplasms
  4 giant cockroaches
  12 goblins
  8 hobgoblins
  14 jackals
  8 quokkas
  9 ball pythons
  8 frilled lizards
  6 kobolds
  16 rats
201 creatures vanquished.

Vanquished Creatures (collateral kills)
  A centaur warrior (D:9)
  Maggie (D:6)
  A wyvern (D:7)
  A cane toad zombie (D:9)
  An ice beast (D:6)
  A black bear (D:6)
  An orc warrior (D:7)
  A centaur (D:6)
  2 wolves (D:9)
  A bullfrog (D:7)
  A water moccasin zombie (D:9)
  A howler monkey (D:9)
  3 jellies
  2 hounds (D:9)
  2 killer bee zombies (D:7)
  A white imp (D:7)
  2 orcs (D:7)
  A ball python (Sewer)
  A frilled lizard (Sewer)
  A rat (Sewer)
26 creatures vanquished.

Vanquished Creatures (others)
  2 vampire mosquito zombies (D:7)
  2 centaur zombies
  3 gnoll zombies
  A hound zombie (D:9)
  A howler monkey zombie (D:9)
  3 killer bee zombies (D:9)
  An orc zombie (D:8)
  A rat zombie (Sewer)
  A river rat zombie (Sewer)
  A scorpion zombie (D:6)
  A wolf zombie (D:9)
17 creatures vanquished.

Grand Total: 244 creatures vanquished

Notes
Turn   | Place    | Note
-------+----------+-------------------------------------------
     0 | D:1      | FullyGoyle the Gargoyle Fighter began the quest for the
                  | Orb.
     0 | D:1      | Reached XP level 1. HP: 14/14 MP: 1/1
    44 | D:1      | Reached skill level 2 in Axes
   128 | D:1      | Reached XP level 2. HP: 15/19 MP: 2/2
   468 | D:1      | Reached skill level 3 in Axes
   469 | D:1      | Reached XP level 3. HP: 16/23 MP: 3/3
   594 | D:1      | Found Ynuzagyi's Assorted Antiques.
   608 | D:1      | Bought a scroll labelled VOWUOX MUSEGIE for 17 gold pieces
   608 | D:1      | Bought a scroll labelled VOWUOX MUSEGIE for 17 gold pieces
   608 | D:1      | Bought a scroll labelled VOWUOX MUSEGIE for 17 gold pieces
   763 | D:1      | Found a faded altar of an unknown god.
   910 | D:2      | Noticed Natasha
  1126 | D:2      | Reached XP level 4. HP: 22/28 MP: 4/4
  1295 | D:2      | Reached skill level 4 in Axes
  1451 | D:2      | Found a runed translucent door.
  1452 | D:2      | Noticed Crazy Yiuf
  1525 | D:2      | Killed Natasha
  1779 | D:2      | You fall into a shaft and drop 1 floor!
  1827 | D:3      | Found a burning altar of Makhleb.
  1948 | D:2      | Reached XP level 5. HP: 32/32 MP: 5/5
  1978 | D:2      | Noticed Natasha
  1993 | D:2      | Killed Natasha
  2142 | D:2      | Reached skill level 5 in Axes
  2482 | D:2      | Found a runed translucent door.
  2595 | D:2      | Noticed Natasha
  2601 | D:2      | Killed Natasha
  2942 | D:1      | Bought a viscous emerald potion for 15 gold pieces
  3254 | D:3      | Reached XP level 6. HP: 27/37 MP: 6/6
  4597 | D:4      | Noticed Blork the orc
  4613 | D:4      | Killed Blork the orc
  4614 | D:4      | Reached skill level 6 in Axes
  4848 | D:4      | Reached XP level 7. HP: 26/41 MP: 7/7
  5302 | D:4      | Found a basalt altar of Yredelemnul.
  5310 | D:4      | Became a worshipper of Yredelemnul the Dark
  5532 | D:4      | Reached skill level 7 in Axes
  5753 | D:4      | Reached XP level 8. HP: 45/48 MP: 8/8
  5870 | D:5      | Entered Level 5 of the Dungeon
  6066 | D:5      | Found a glowing drain.
  6081 | Sewer    | Entered a sewer
  6087 | Sewer    | Reached * piety under Yredelemnul
  6872 | D:5      | Found a staircase to the Ecumenical Temple.
  6980 | D:6      | Reached skill level 1 in Invocations
  7048 | D:6      | Reached skill level 8 in Axes
  7048 | D:6      | Reached skill level 5 in Armour
  7149 | D:6      | Noticed Maggie
  7160 | D:6      | Killed Maggie
  7350 | D:6      | Found a hide-covered altar of Uskayaw.
  7539 | D:6      | Reached XP level 9. HP: 52/52 MP: 11/11
  7919 | D:6      | Noticed Eustachio
  8344 | D:1      | Bought a pair of glowing boots for 127 gold pieces
  8683 | D:7      | Killed Eustachio
  8815 | D:7      | Reached ** piety under Yredelemnul
  8816 | D:7      | Reached skill level 9 in Axes
  8816 | D:7      | Reached skill level 1 in Dodging
  8889 | D:7      | Reached skill level 5 in Shields
  9412 | D:7      | Found a glowing golden altar of the Shining One.
 10208 | D:8      | Reached XP level 10. HP: 58/58 MP: 13/13
 10384 | D:8      | Reached skill level 10 in Axes
 11164 | D:9      | Noticed a centaur warrior
 11260 | D:9      | Reached skill level 5 in Fighting
 11314 | D:9      | Killed a centaur warrior
 11625 | D:9      | Found a staircase to the Lair.
 11653 | D:9      | Reached skill level 5 in Invocations
 12139 | Lair:1   | Entered Level 1 of the Lair of Beasts
 12214 | Lair:1   | Noticed a cane toad
 12223 | Lair:1   | Slain by a cane toad

Illustrated notes

Levels and vault maps discovered:
D:1:      minmay_arrival_hallway, layout_rooms, serial_shops,
          nicolae_diamond_shop, shapermc_ecumenical_altar_notcrosses
D:2:      layout_basic, uniq_crazy_yiuf_cottage, uniq_natasha
D:3:      layout_basic, overflow_temple_1_default, minmay_puff
D:4:      minmay_clustersquares, layout_basic, lemuel_zombie_altar_yredelemnul,
          uniq_blork_the_orc
D:5:      layout_basic, minmay_temple_entry_from_below_a, portal_sewer_entry_e
D:6:      layout_cave_pods, amcnicky_altar_gilded, uniq_maggie, uniq_eustachio
D:7:      layout_loops_cross, nicolae_tso_swordbearing_angel, minmay_bent
D:8:      layout_basic, minmay_crystal_room, st_stairs_5
D:9:      layout_rooms, erik_lair_island, due_unseen_surprise
Lair:1:   layout_concentric_octagons, grunt_megastairs_2

Skill      XL: |  1  2  3  4  5  6  7  8  9 10 |
---------------+-------------------------------+-----
Axes           | 2 3 4 5 6 7 8 9 10 | 10.5
Armour         | 4 5 6 7 |  7.2
Shields        | 4 5 6 |  6.4
Fighting       | 4 5 |  5.6
Invocations    | 2 4 5 |  5.0
Dodging        | 1 |  1.2

Action                   |  1- 3 |  4- 6 |  7- 9 | 10-12 || total
-------------------------+-------+-------+-------+-------++-------
Melee: War axe           |   166 |   189 |   430 |   167 ||   952
Invok: Animate Remains   |       |       |    22 |    12 ||    34
       Injury Mirror     |       |       |     1 |     1 ||     2
       Recall Undead Sla |       |       |       |     1 ||     1
  Use: Scroll            |     5 |     5 |     7 |     3 ||    20
       Potion            |       |     1 |     2 |       ||     3
Armor: Scale mail        |   138 |    66 |       |       ||   204
       Chain mail        |       |    47 |   132 |       ||   179
       Plate armour      |       |       |   228 |   137 ||   365
Dodge: Dodged            |    76 |    62 |   100 |    48 ||   286
Block: Kite shield       |   144 |    98 |   251 |   115 ||   608

Table legend: (Time is in decaauts)
 A = Elapsed time spent in this place.
 B = Non-inter-level travel time spent in this place.
 C = Inter-level travel time spent in this place.
 D = Time resting spent in this place.
 E = Time spent auto-exploring this place.
 F = Levels seen in this place.
 G = Mean time per level.
                   A        B        C        D        E       F      G
               +--------+--------+--------+--------+--------+-----+--------+
         Total |  12657 |  11544 |   1113 |   1528 |   7035 |  11 | 1150.6 |
       Dungeon |  12064 |  10951 |   1113 |   1467 |   6732 |   9 | 1340.4 |
          Lair |     84 |     84 |      0 |     61 |      0 |   1 |   84.0 |
         Sewer |    508 |    508 |      0 |      0 |    302 |   1 |  508.0 |
               +--------+--------+--------+--------+--------+-----+--------+

Top non-repeatable levels by time:
     D:2: 1922 daAuts
     D:4: 1814 daAuts
     D:6: 1481 daAuts
     D:7: 1444 daAuts
     D:1: 1291 daAuts
     D:3: 1230 daAuts
     D:8: 1138 daAuts
     D:9: 925 daAuts
     D:5: 814 daAuts
   Sewer: 508 daAuts
  Lair:1: 84 daAuts
